AoeStats
← _The_Lion

Arabia

509990753Analyzed
1v1 RM · 4d ago on Sep 28, 2026· 56m 44s· 2 players
Game mode
Random Map
Map size
Tiny (2 player)
Population
200
Speed
Normal
Resources
Standard
Victory
Conquest
Starting age
Dark Age
Ending age
Imperial Age
RankedLock teamsTeams togetherTeam positionsShared explorationLock speedFull tech treeHidden civsTurbo modeCheats
Victory
Defeat
🇺🇸 Burgundians · United States
1664
+17
🇨🇦 Vietnamese · Canada
1686
-17
heavyvaldes
6:17 Loom
8:48 Feudal Age
9:23 Double-Bit Axe
17:12 Fletching
17:50 Padded Archer Armor
21:14 Castle Age
19:53 Horse Collar
20:24 Bow Saw
22:21 Bodkin Arrow
23:12 Wheelbarrow
22:08 Elite Skirmisher
23:48 Heavy Plow
24:03 Husbandry
24:15 Scale Barding Armor
24:42 Gold Mining
25:11 Cavalier
27:26 Chain Barding Armor
27:30 Leather Archer Armor
28:16 Chain Barding Armor
29:02 Forging
32:23 Ballistics
34:14 Iron Casting
41:00 Imperial Age
39:36 Town Watch
40:08 Hand Cart
41:55 Gold Shaft Mining
41:10 Stone Mining
41:54 Bracer
43:03 Plate Barding Armor
43:46 Two-Man Saw
44:21 Chemistry
43:51 Paladin
46:17 Conscription
47:09 Blast Furnace
46:13 Murder Holes
46:28 Masonry
46:54 Stone Shaft Mining
48:38 Scale Mail Armor
49:11 Crop Rotation
50:17 Architecture
49:58 Fortified Wall
49:28 Treadmill Crane
51:30 Light Cavalry
52:26 Chain Mail Armor
54:10 Burgundian Vineyards
54:41 Hoardings
53:29 Hussar
_The_Lion
6:37 Loom
9:43 Feudal Age
14:52 Fletching
15:54 Padded Archer Armor
23:41 Castle Age
22:27 Gold Mining
22:28 Double-Bit Axe
22:26 Horse Collar
23:42 Crossbowman
24:25 Bodkin Arrow
26:06 Ballistics
31:51 Bow Saw
32:24 Forging
32:15 Scale Mail Armor
32:22 Heavy Plow
33:03 Squires
34:25 Chain Mail Armor
34:45 Iron Casting
41:13 Imperial Age
39:26 Wheelbarrow
38:36 Town Watch
39:07 Stone Mining
39:03 Pikeman
39:53 Thumb Ring
40:24 Hand Cart
40:10 Town Patrol
42:05 Stone Shaft Mining
42:07 Bracer
43:45 Chemistry
43:33 Masonry
44:24 Hoardings
44:43 Plate Mail Armor
43:36 Halberdier
45:14 Arbalester
46:18 Elite Fire Lancer
50:34 Elite Skirmisher
52:15 Imperial Skirmisher
57:49 Hoardings
Connection lost

Rejoining the realm…

Still unreachable

The connection could not be restored.

Session expired

The server has moved on; the page needs a fresh start.